Map: Ephemeron LE

Players

Cham - Winner!

  • Race: Zerg Zerg
  • Spawn Location: 11:00

Hellraiser

  • Race: Protoss Protoss
  • Spawn Location: 5:00

VOD

Have the link to the VOD?

Description

Time

  • Played on: Sept. 7, 2019, 11:10 a.m.
  • Length: 7:36
Show
View Real Time Build Order
Export as new Build Order

Cham Zerg - Winner!

Build Orders: Hatch First 

Get SALT Encoding   

  12  0:00  Drone  
  13  0:08  Drone  
  14  0:16  Overlord  
  14  0:34  Drone  
  14  0:35  Drone  
  16  0:51  Hatchery  
  16  0:54  Drone  
  17  0:57  Drone  
  17  1:01  Drone  
  18  1:12  Extractor  
  18  1:15  Spawning Pool  
  18  1:18  Drone  
  17  1:21  Drone  
  18  1:29  Drone  
  19  1:42  Drone  
  20  1:52  Overlord  
  20  2:03  Queen x2  
  20  2:04  Zergling x4  
  26  2:13  Metabolic Boost  
  26  2:15  Drone x2  
  28  2:25  Drone  
  28  2:26  Zergling x2  
  29  2:44  Hatchery  
  27  2:47  Drone  
  27  2:48  Drone x2  
  27  2:50  Drone  
  31  2:57  Queen  
  33  3:04  Drone  
  33  3:05  Drone  
  34  3:09  Drone x2  
  36  3:14  Spore Crawler  
  36  3:18  Drone  
  36  3:25  Overlord  
  36  3:27  Overlord  
  36  3:33  Overlord  
  36  3:43  Drone  
  36  3:46  Drone x2  
  39  3:49  Zergling x8  
  39  3:51  Drone  
  39  3:53  Drone  
  46  3:55  Drone  
  46  3:59  Drone x2  
  48  4:04  Zergling x4  
  48  4:09  Zergling x4  
  52  4:13  Zergling x2  
  53  4:19  Zergling x4  
  53  4:23  Zergling x2  
  53  4:24  Zergling x8  
  58  4:33  Drone x3, Lair  
  58  4:34  Drone  
  58  4:40  Roach Warren  
  58  4:42  Overlord  
  57  4:47  Overlord  
  57  4:49  Drone  
  57  4:51  Drone  
  57  4:52  Drone  
  60  4:54  Drone  
  61  5:06  Overlord  
  61  5:07  Drone x2  
  59  5:11  Drone x3  
  59  5:12  Drone x2  
  64  5:16  Drone  
  64  5:17  Extractor  
  64  5:20  Drone, Extractor  
  64  5:21  Drone x2  
  66  5:25  Drone x4, Extractor  
  66  5:28  Overlord  
  69  5:29  Drone  
  70  5:37  Overlord, Drone  
  70  5:38  Drone  
  70  5:39  Glial Reconstitution  
  72  5:45  Overlord, Drone  
  72  5:46  Roach  
  75  5:53  Roach x4  
  75  5:54  Drone  
  75  5:55  Drone  
  85  6:00  Roach x2  
  85  6:02  Overlord  
  89  6:04  Overlord  
  89  6:05  Roach  
  89  6:10  Roach x2  
  97  6:11  Roach  
  97  6:14  Roach x2  
  97  6:16  Roach  
  97  6:17  Ravager  
  104  6:19  Roach  
  104  6:24  Roach  
  107  6:25  Ravager x2  
  107  6:26  Zergling x4  
  107  6:27  Zergling x4  
  107  6:29  Roach  
  107  6:31  Roach  
  114  6:39  Roach  
  100  6:46  Zergling x2, Roach x2  
  100  6:47  Zergling x2  
  96  6:50  Drone x3  
  96  6:54  Drone x4  
  98  7:01  Drone  
  98  7:04  Drone  
  98  7:08  Extractor  
  98  7:10  Extractor  
  98  7:12  Drone x2  
  98  7:13  Overlord  
  99  7:18  Drone  
Show
View Real Time Build Order
Export as new Build Order

Hellraiser Protoss 

Build Orders: 1 Gate Expand 

Get SALT Encoding   

  12  0:09  Pylon  
  12  0:13  Probe  
  13  0:29  Gateway, Probe  
  14  0:37  Probe  
  15  0:47  Probe, Assimilator  
  16  1:00  Probe  
  17  1:12  Probe  
  17  1:17  Cybernetics Core  
  18  1:24  Probe  
  19  1:42  Nexus  
  19  1:43  Adept  
  19  1:51  Pylon  
  21  1:57  Warp Gate  
  21  2:00  Probe  
  22  2:12  Probe  
  23  2:24  Probe  
  23  2:29  Adept  
  26  2:34  Gateway  
  26  2:36  Probe  
  27  2:39  Pylon  
  27  2:50  Probe  
  27  2:54  Probe  
  27  2:57  Gateway  
  29  2:58  Probe  
  29  3:05  Adept  
  30  3:06  Probe x2  
  32  3:14  Probe, Robotics Facility  
  32  3:18  Probe  
  34  3:22  Probe  
  35  3:30  Probe  
  35  3:31  Pylon  
  35  3:32  Assimilator  
  36  3:35  Probe  
  37  3:42  Probe  
  37  3:45  Adept x2  
  37  3:47  Probe  
  43  3:52  Adept  
  43  3:53  Immortal  
  43  3:54  Probe  
  46  3:56  Pylon  
  47  4:06  Adept  
  47  4:07  Probe  
  47  4:09  Probe  
  54  4:19  Probe  
  54  4:21  Probe  
  54  4:23  Immortal  
  56  4:31  Probe  
  56  4:33  Probe  
  52  4:38  Stalker  
  52  4:43  Assimilator  
  52  4:44  Probe  
  52  4:45  Probe, Assimilator  
  56  4:53  Gateway  
  56  4:54  Gateway  
  56  4:56  Probe  
  56  4:58  Zealot, Sentry  
  61  5:04  Pylon  
  61  5:12  Warp Prism, Pylon  
  62  5:17  Pylon  
  62  5:19  Gateway  
  61  5:23  Probe  
  61  5:24  Sentry x2  
  68  5:28  Stalker  
  68  5:33  Pylon  
  70  5:39  Pylon  
  70  5:43  Pylon  
  70  5:47  Sentry x2  
  70  5:49  Stalker  
  76  5:50  Probe  
  76  5:51  Probe  
  78  6:01  Sentry  
  78  6:02  Zealot  
  82  6:12  Twilight Council  
  82  6:13  Forge, Adept  
  82  6:14  Adept  
  82  6:18  Zealot  
  88  6:20  Shield Battery  
  88  6:23  Gateway  
  86  6:28  Adept x3  
  86  6:32  Probe  
  93  6:39  Stalker  
  93  6:43  Immortal  
  75  6:50  Zealot x3  
  75  7:11  Zealot x3  
  75  7:12  Dark Shrine  
Tags
 
Add a new tag
Caveats
  • Supply blocks, unpowered buildings, or Contaminate may cause inaccurate times.
  • Supply counts are checked every 10 seconds.